 Dungeon Crawl Stone Soup version 0.29-a0-775-g4d7333d4e2 (webtiles) character file.

Game seed: 3446103464575282687

18 Zdeegee the Sneak (level 2, -2/19 HPs)
             Began as an Octopode Brigand on July 1, 2022.
             Slain by a hobgoblin (5 damage)
             ... on level 1 of the Dungeon.
             The game lasted 00:00:50 (521 turns).

Zdeegee the Sneak (Octopode Brigand)                 Turns: 521, Time: 00:00:51

Health: -2/19      AC:  1    Str: 10    XL:     2   Next: 70%
Magic:  2/2        EV: 13    Int: 13    God:
Gold:   73         SH:  0    Dex: 13    Spells: 1/1 levels left

rFire   . . .      SeeInvis .   a - +2 dagger
rCold   . . .      Faith    .   (no shield)
rNeg    . . .      Spirit   .   (helmet restricted)
rPois   .          Reflect  .   (no amulet)
rElec   .          Harm     .   (no ring)
rCorr   .          Rampage  .   (no ring)
Will    .....                   (no ring)
Stlth   ++++......              (no ring)
HPRegen 0.06/turn               (no ring)
MPRegen 0.08/turn               (no ring)
                                (no ring)
                                (no ring)

@: no status effects
A: almost no armour, amphibious, 8 rings, camouflage 1, gelatinous body 1,
(nimble swimmer 1), tentacles
a: no special abilities


You were on level 1 of the Dungeon.
You visited 1 branch of the dungeon, and saw 1 of its levels.

You collected 73 gold pieces.

Inventory:

Hand Weapons
 a - a +2 dagger (weapon)
Missiles
 b - 9 poisoned darts (quivered)
 c - 3 curare-tipped darts
Scrolls
 d - a scroll of teleportation {unknown}
Potions
 e - a potion of mutation {unknown}


   Skills:
 * Level 2.1 Fighting
 * Level 2.1 Short Blades
 * Level 2.2 Throwing
 * Level 1.2 Dodging
 * Level 5.9 Stealth
 * Level 0.1 Hexes


You had one spell level left.
You didn't know any spells.
Your spell library was empty.

Dungeon Overview and Level Annotations

Branches:
Dungeon (1/15)

Altars:


Innate Abilities, Weirdness & Mutations

You cannot wear most types of armour.
You are amphibious.
You can wear up to eight rings at the same time.
Your skin changes colour to match your surroundings (Stealth+).
Your rubbery body absorbs attacks. (AC +1, EV +1)
((You are camouflaged when in or above water. (Stealth+)))
You have tentacles for arms and can constrict up to eight enemies at once.


Message History

No target in view!
No target in view!
No target in view!
No target in view!
No target in view!
No target in view!
No target in view!
No target in view!
No target in view!
No target in view!
A kobold is nearby!
No target in view!
No target in view!
A kobold is nearby!
The kobold shouts!
You hear a shout!
A hobgoblin comes into view.
The kobold hits you with a +0 short sword.
You hit the kobold. You grab the kobold.
The kobold is severely wounded.
You constrict the kobold.
You kill the kobold!
A goblin comes into view. It is wielding a +0 club.
A frilled lizard and a kobold come into view.
The hobgoblin closely misses you.
You closely miss the hobgoblin.
The frilled lizard hisses angrily.
The kobold shouts!
Your grab misses the hobgoblin.
You squeeze the hobgoblin, but do no damage.
The hobgoblin hits you.
You are too injured to fight recklessly!
You are too injured to fight recklessly!
The hobgoblin attacks as you move away! The hobgoblin hits you.
The hobgoblin barely misses you.
A kobold comes into view. It is wielding a +0 short sword.
The hobgoblin hits you.
* * * LOW HITPOINT WARNING * * *
The hobgoblin attacks as you move away! The hobgoblin hits you.
* * * LOW HITPOINT WARNING * * *
The hobgoblin attacks as you move away! The hobgoblin hits you.
You die...

...#........######
<...######.......#
...#......[.###.##
..#.##......# #
.#.#..##....# .#
#.#.#...#...# ###.
#.#..#......# #..
#..#..#.....# #.#
#..#...#....# #@#
#...#......#####g#######
#..........#.gK........#
..........##l#########K#
........####.####
######.?....K...#
#..........#
+).....l...#
#..).....###


You could see a hobgoblin.

Vanquished Creatures
  4 bats (D:1)
  An endoplasm (D:1)
  2 giant cockroaches (D:1)
  A goblin (D:1)
  2 hobgoblins (D:1)
  A frilled lizard (D:1)
  6 kobolds (D:1)
17 creatures vanquished.

Notes
Turn   | Place    | Note
-------+----------+-------------------------------------------
     0 | D:1      | Zdeegee the Octopode Brigand began the quest for the Orb.
     0 | D:1      | Reached XP level 1. HP: 14/14 MP: 1/1
    84 | D:1      | Reached XP level 2. HP: 11/19 MP: 2/2
   521 | D:1      | Slain by a hobgoblin

Illustrated notes

Levels and vault maps discovered:
D:1:      minmay_arrival_radiant_lines, layout_basic,
          kennysheep_decorative_pillar, minmay_tall_x

Action                   || total
-------------------------++-------
Melee: Dagger            ||    34
       Constrict         ||    12
       Tentacles         ||     8
 Stab: Sleeping          ||     4
Armor: Skin              ||     7
Dodge: Dodged            ||    30

Table legend: (Time is in decaauts)
 A = Elapsed time spent in this place.
 B = Non-inter-level travel time spent in this place.
 C = Inter-level travel time spent in this place.
 D = Time resting spent in this place.
 E = Time spent auto-exploring this place.
 F = Levels seen in this place.
 G = Mean time per level.
                   A        B        C        D        E       F      G
               +--------+--------+--------+--------+--------+-----+--------+
         Total |    517 |    516 |      1 |      0 |    402 |   1 |  517.0 |
       Dungeon |    517 |    516 |      1 |      0 |    402 |   1 |  517.0 |
               +--------+--------+--------+--------+--------+-----+--------+

Top non-repeatable levels by time:
     D:1: 517 daAuts
